 Seeded DCSS version 0.31-a0-844-gdc52ec4e09 (webtiles) character file.

Game seed: 4650116273386822121 (custom seed)

145073 qw the Warrior (level 17, 124/124 HPs)
             Began as a Gargoyle Hunter on Sept 29, 2023.
             Was the Champion of Okawaru.
             Quit the game on level 3 of the Shoals.
             The game lasted 00:16:28 (21508 turns).

qw the Warrior (Gargoyle Hunter)                   Turns: 21508, Time: 00:16:28

Health: 124/124    AC: 40    Str: 16    XL:     17   Next: 41%
Magic:  24/24      EV: 27    Int: 14    God:    Okawaru [******]
Gold:   710        SH:  0    Dex: 19    Spells: 16/16 levels left

rFire   . . .        q - +6 arbalest "Damnation" {damnation}
rCold   . . .        (shield currently unavailable)
rNeg    + . .        l - +4 ring mail "Vamapno" {rElec Int+3 Slay+3}
rPois   inf          v - +0 helmet
rElec   +            t - scarf {repulsion}
rCorr   .            p - +1 pair of gloves
SInv    .            e - +2 pair of boots
Will    +....        b - amulet of faith
Stlth   +            u - ring of the Tortoise {AC+8}
HPRegen 0.40/turn    o - ring of the Hare {EV+10}
MPRegen 0.19/turn

%: repel missiles, faith
@: flying
A: sickness immunity, AC +12, big wings, negative energy resistance 1,
electricity resistance, torment resistance 1, petrification resistance
a: Renounce Religion, Heroism, Finesse, Duel


You were on level 3 of the Shoals.
You worshipped Okawaru.
Okawaru was exalted by your worship.
You visited 5 branches of the dungeon, and saw 26 of its levels.
You also visited: Gauntlet.

You collected 2513 gold pieces.
You spent 1803 gold pieces at shops.


Innate Abilities, Weirdness & Mutations

You are immune to sickness and miasma.
Your stone body is resilient. (AC +12)
You are immune to poison.
Your large and strong wings let you fly.
You resist negative energy. (rN+)
You are resistant to electric shocks. (rElec)
You are resistant to unholy torment.
You are immune to petrification.


   Skills:
 + Level 19.8 Fighting
 - Level 18.0 Ranged Weapons
 - Level 12.0 Armour
 - Level 10.0 Dodging
 - Level 1.1 Stealth
 - Level 10.0 Invocations


You had 16 spell levels left.
You didn't know any spells.
Your spell library was empty.

Inventory:

Hand Weapons
 q - the +6 arbalest "Damnation" (weapon) {damnation}
   (Okawaru gifted it to you on level 5 of the Lair of Beasts)
Armour
 e - a +2 pair of boots (worn)
 f - a +2 robe of resistance
 l - the +4 ring mail "Vamapno" (worn) {rElec Int+3 Slay+3}
   (You found it on level 11 of the Dungeon)

   Int+3:     It affects your intelligence (+3).
   Slay+3:    It affects your accuracy & damage with ranged weapons and melee
   (+3).
   rElec:     It insulates you from electricity.
 m - a +2 cloak
 p - a +1 pair of gloves (worn)
 t - a scarf of repulsion (worn)
 v - a +0 helmet (worn)
Jewellery
 b - an amulet of faith (around neck)
 o - the ring of the Hare (right hand) {EV+10}
   (You found it in a Gauntlet)

   [ring of evasion]

   EV+10:     It affects your evasion (+10).
 u - the ring of the Tortoise (left hand) {AC+8}
   (You found it on level 5 of the Lair of Beasts)

   [ring of protection]

   AC+8:      It affects your AC (+8).
 w - the brooch of Shielding {Spirit SH+8}
   (You bought it in a shop on level 2 of the Orcish Mines)

   [amulet of guardian spirit]

   Spirit:    It causes incoming damage to be divided between your reserves of
   health and magic.
   SH+8:      It affects your SH (+8).
Wands
 s - a wand of digging (4)
Scrolls
 h - a scroll of enchant weapon
 j - 14 scrolls of identify
 k - 12 scrolls of teleportation
Potions
 a - 5 potions of haste
 c - 5 potions of might
 d - 5 potions of enlightenment
 g - a potion of resistance
 i - 2 potions of heal wounds
 n - 2 potions of magic
 r - 7 potions of curing
 x - 4 potions of mutation
 z - a potion of cancellation

Dungeon Overview and Level Annotations

Branches:
Dungeon (15/15)            Temple (1/1) D:4            Lair (5/5) D:11
 Shoals (3/4) Lair:3        Snake (0/4) Lair:3        Slime (0/5) Lair:5
    Orc (2/2) D:11            Elf (0/3) Orc:2        Vaults (0/5) D:14
 Depths (0/4) D:15        Gauntlet (visited)

Altars:
Ashenzari
Cheibriados
Dithmenos
Elyvilon
Fedhas
Gozag
Hepliaklqana
Kikubaaqudgha
Makhleb
Nemelex Xobeh
Okawaru
Qazlal
Ru
Sif Muna
Trog
Uskayaw
Vehumet
Wu Jian
Xom
Yredelemnul
Zin
The Shining One

Shops:
D:2 (   D:8 ?   D:15 ?   Orc:2 *=([*   Shoals:2 !(   Shoals:3 (

Annotations:
D:8 4 runed translucent doors, qwqw's ghost, novice DsFi
D:11 2 transporters
D:12 2 transporters, MackTheFife's ghost, journeyman OgFi


Message History

You collide with the plant!
The plant is lightly damaged.
You shoot a damnation bolt.
The damnation bolt closely misses the wind drake.
You shoot a damnation bolt.
The damnation bolt hits the wind drake!!
The wind drake is almost dead.
The damnation bolt explodes!
The damnation engulfs the wind drake!
You kill the wind drake!
Okawaru accepts your kill.
The damnation engulfs the plant!
The plant begins to die.
The plant is lightly damaged.
You shoot a damnation bolt.
The damnation bolt barely misses the faun.
A nearby plant withers and dies.
The faun shoots a sling bullet.
The sling bullet misses you.
You shoot a damnation bolt. The damnation bolt hits the faun!!
You kill the faun!
Okawaru accepts your kill.
You hear a splash. x2
The damnation bolt explodes!
You start resting.
A nearby plant withers and dies.
HP restored.
You now have 710 gold pieces (gained 5).
You feel your willpower return.
Things that are here:
a +0 sling; a +2 quarterstaff of speed You are no longer glowing.
Found a book of Vapours.
Enter note:
Enter note:
Found a stone staircase leading down. [Hit ESC to exit interpreter.] > dsay(c_persist.potion_ident)) repl:1: unexpected symbol near ')' > dsay(c_persist.potion_ident)
21508 ||| { ["heal wounds"] = true, ["o - a potion of cancellation"] = true, ["haste"] = true, ["c - a potion of might"] = true, ["curing"] = true, ["g - a potion of attraction"] = true, ["might and 2 scrolls of brand weapon"] = true, ["degeneration and a wand of flame (4)"] = true, ["n - a potion of magic"] = true, ["brilliance"] = true, ["degeneration"] = true, ["f - a potion of brilliance"] = true, ["h - a potion of lignification"] = true, ["d - a potion of enlightenment"] = true, ["attraction"] = true, ["z - a potion of cancellation"] = true, ["r - a potion of curing"] = true, ["x - a potion of mutation"] = true, ["d - a potion of degeneration"] = true, ["lignification"] = true, ["g - a potion of resistance"] = true, ["k - a potion of invisibility"] = true, ["lignification"] = true, ["degeneration"] = true, ["ambrosia"] = true, ["invisibility"] = true, } > Are you sure you want to abandon this character and quit the game? (Confirm with "yes".)

~~~~....##P. ~~~~~~.
>.~~~~~~...P.P.P ~~..~~.
.~.~ ....P.....#
~~...~~~~~.# ###........
~~......$~.# ##.....P.
.....#.~.# ##....~. ..
#$......# #...... :.#
#..$....# #..)...
.?.##.~P@P..# #....~.
....~~~P~..## ###.~).~~
~~~P~~~...## ####...)~)~~
~~~~PP~.### ##.....~.~~~~
~~~~P~P.## #..~~~~~~~~~~
~~~~~P~~.####.~~~~~~~~~~~
~~~~~~~~..P..~~~~~~~~~~~~
~~~~~~~~P~~~~~~~~~~~~~~~~
~~~~~~~~~~~~~~~~~~~~~~~~~


There were no monsters in sight!

Vanquished Creatures
  Jorgrun (Orc:1)
  A kraken (Shoals:1)
  Gastronok (D:10)
  Kirke (Lair:3)
  Agnes (D:14)
  Ilsuiw (Shoals:3)
  An orc warlord (Orc:2)
  Nessos (Orc:2)
  A minotaur (Gauntlet)
  An ettin (D:14)
  A merfolk javelineer (Shoals:3)
  A blizzard demon (Gauntlet)
  7 merfolk impalers
  2 fire dragons
  4 hydras
  Harold (D:10)
  2 boulder beetles (D:11)
  A catoblepas (D:14)
  3 two-headed ogres
  Erica (D:10)
  6 centaur warriors
  2 merfolk avatars (Shoals:2)
  3 death yaks (Lair:5)
  A tengu warrior (D:13)
  A satyr (Shoals:2)
  2 orc high priests (Orc:2)
  Amaemon (D:10)
  Sonja (Orc:1)
  Nergalle (Orc:1)
  A shadow wraith (D:14)
  4 skeletal warriors (D:13)
  5 skysharks
  9 sea snakes
  3 wizards (D:15)
  A swamp dragon (Lair:5)
  4 orc knights
  A deep elf zephyrmancer (D:15)
  2 deep elf pyromancers
  20 harpies
  A wolf spider zombie (D:15)
  A necromancer (D:15)
  2 wolf spiders (Lair:5)
  An oklob plant (Gauntlet)
  11 cyclopes
  10 fauns
  4 manticores
  26 ugly things
  10 orc sorcerers
  A guardian serpent (Lair:5)
  18 elephants
  8 black mambas
  7 merfolk sirens
  3 gargoyles
  3 water nymphs (Shoals:2)
  11 cane toads
  An orange demon (D:10)
  A centaur skeleton (D:15)
  A tengu conjurer (D:15)
  2 unseen horrors
  6 komodo dragons
  2 minotaur zombies (Gauntlet)
  A freezing wraith (D:14)
  5 rime drakes
  An efreet (D:13)
  An ice devil (Gauntlet)
  2 burning bushes (Lair:2)
  A meliai (shapeshifter) (D:14)
  27 merfolk
  5 wind drakes
  A polar bear (Lair:2)
  6 trolls
  5 snapping turtles
  5 hornets
  11 blink frogs
  Prince Ribbit (D:5)
  5 dream sheep (Shoals:1)
  11 slime creatures
  A centaur simulacrum (D:15)
  3 wraiths
  5 shadows
  4 basilisks
  12 wyverns
  A basilisk (shapeshifter) (D:15)
  2 hogs
  3 water elementals
  39 yaks
  A human (Lair:3)
  2 redbacks (Lair:5)
  12 vampire mosquitoes
  Menkaure (D:6)
  3 steam dragons
  3 nagas (Lair:3)
  2 wargs
  7 acid dragons
  25 water moccasins
  A swamp drake (Lair:5)
  2 black bears
  25 orc warriors
  2 sky beasts
  6 ogres
  6 centaurs
  Blork the orc (Orc:2)
  6 kobold brigands
  8 bullfrogs
  A gnoll sergeant (D:7)
  4 scorpions
  A hornet simulacrum (D:15)
  9 wights
  3 killer bees (D:4)
  17 electric eels
  4 hounds
  13 jellies (Lair:5)
  2 gnoll boudas
  20 orc priests
  A sleepcap (D:4)
  7 iguanas
  27 orc wizards
  22 gnolls
  A river rat (D:3)
  6 adders
  A shadow imp (D:5)
  2 white imps
  3 worms
  3 dart slugs
  63 orcs
  11 endoplasms
  4 giant cockroaches
  5 goblins
  5 hobgoblins
  24 kobolds
  6 quokkas
  8 ball pythons
  5 bats
  2 frilled lizards
  3 rats
785 creatures vanquished.

Vanquished Creatures (others)
  A harpy (Shoals:1)
  A white imp (Gauntlet)
2 creatures vanquished.

Grand Total: 787 creatures vanquished

Notes
Turn   | Place    | Note
-------+----------+-------------------------------------------
     0 | D:1      | qw the Gargoyle Hunter began the quest for the Orb.
     0 | D:1      | Reached XP level 1. HP: 12/12 MP: 1/1
     0 | D:1      | 0 ||| qw: Version: 0.3-a-95-g97b8be4
     0 | D:1      | 0 ||| qw: Game counter: 47
     0 | D:1      | 0 ||| qw: Melee chars always use a shield: true
     0 | D:1      | 0 ||| qw: God list: Okawaru
     0 | D:1      | 0 ||| qw: Allow faded altars: false
     0 | D:1      | 0 ||| qw: Do Orc after clearing Dungeon:15 true
     0 | D:1      | 0 ||| qw: Do second Lair branch before Depths: true
     0 | D:1      | 0 ||| qw: Lair rune preference: random
     0 | D:1      | 0 ||| qw: Goals: Normal, Save, Zot:1-4, Win
     0 | D:1      | 0 ||| PLANNING D:1-11
    59 | D:1      | Reached XP level 2. HP: 17/17 MP: 2/2
   222 | D:1      | Reached XP level 3. HP: 21/21 MP: 3/3
   578 | D:1      | 578 ||| UPGRADING to +5 ring of evasion.
   579 | D:1      | 579 ||| READING scroll labelled LAEHI BEGGOAT.
   580 | D:1      | 580 ||| READING scroll labelled VOLOR SAGATOHE.
   581 | D:1      | 581 ||| READING 2 scrolls labelled CINGURYQO.
   582 | D:1      | 582 ||| READING scroll labelled MYUHAFU AG VUH.
   598 | D:1      | 598 ||| READING scroll of identify.
   598 | D:1      | 598 ||| IDENTIFYING puce potion
   599 | D:1      | 599 ||| DROPPING scroll of butterflies.
   600 | D:1      | 600 ||| DROPPING potion of lignification.
   746 | D:2      | Reached skill level 3 in Fighting
   914 | D:2      | Found Likharch's Antique Weapon Boutique.
  1036 | D:2      | Found a shadowy altar of Dithmenos.
  1282 | D:2      | 1282 ||| UPGRADING to +0 ring mail.
  1292 | D:2      | 1292 ||| DROPPING +0 leather armour.
  1293 | D:2      | 1293 ||| UPGRADING to amulet of regeneration.
  1298 | D:2      | 1298 ||| READING scroll labelled CYDAUWIASM.
  1299 | D:2      | 1299 ||| READING scroll labelled LOUXEU DEVVOUQ.
  1304 | D:2      | 1304 ||| DRINKING 2 smoky green potions.
  1336 | D:3      | 1336 ||| PLANNING SEWER
  1374 | D:3      | Reached skill level 1 in Armour
  1374 | D:3      | Reached XP level 4. HP: 28/28 MP: 4/4
  1580 | D:3      | Found a hazy altar of Hepliaklqana.
  1669 | D:3      | Reached XP level 5. HP: 32/32 MP: 5/5
  2081 | D:3      | 2081 ||| RIP SEWER
  2089 | D:3      | 2089 ||| PLANNING D:1-11
  2089 | D:3      | 2089 ||| UPGRADING to +0 robe of fire resistance.
  2099 | D:3      | 2099 ||| DROPPING ring of wizardry.
  2100 | D:3      | 2100 ||| READING scroll labelled WITHROGRE SESOO.
  2101 | D:3      | 2101 ||| READING scroll labelled MAD CUJOEROMMYL.
  2102 | D:3      | 2102 ||| DRINKING 2 metallic coppery potions.
  2103 | D:3      | 2103 ||| READING scroll of identify.
  2103 | D:3      | 2103 ||| IDENTIFYING metallic sapphire potion
  2117 | D:4      | Noticed an ogre
  2131 | D:4      | Killed an ogre
  2132 | D:4      | Reached skill level 6 in Ranged Weapons
  2408 | D:4      | 2408 ||| DRINKING cyan potion.
  2411 | D:4      | 2411 ||| FLEEEEING.
  2412 | D:4      | 2412 ||| FLEEEEING.
  2413 | D:4      | 2413 ||| FLEEEEING.
  2414 | D:4      | 2414 ||| FLEEEEING.
  2421 | D:4      | Reached XP level 6. HP: 37/37 MP: 6/6
  2438 | D:4      | Found a staircase to the Ecumenical Temple.
  2439 | D:4      | 2439 ||| PLANNING TEMPLE
  2439 | D:4      | 2439 ||| READING 2 scrolls labelled HEINAA XETHREG.
  2442 | D:4      | Reached skill level 4 in Fighting
  2442 | D:4      | 2442 ||| READING scroll of enchant weapon.
  2442 | D:4      | 2442 ||| ENCHANTING +1 shortbow of draining.
  2443 | D:4      | 2443 ||| READING scroll labelled ZIS BOID SELUARCHY.
  2553 | Temple   | Entered the Ecumenical Temple
  2554 | Temple   | 2554 ||| PLANNING OKAWARU WORSHIP
  2562 | Temple   | Became a worshipper of Warmaster Okawaru
  2563 | Temple   | 2563 ||| PLANNING D:1-11
  2662 | D:4      | Identified the staff of Harmony {rElec rPois rF- rC++ Int+2
                  | Air}
  2718 | D:4      | 2718 ||| Stepping ~*~*~tactically~*~*~ (retreating).
  2719 | D:4      | 2719 ||| Stepping ~*~*~tactically~*~*~ (retreating).
  2723 | D:4      | Reached XP level 7. HP: 42/43 MP: 7/7
  2734 | D:4      | Reached * piety under Okawaru
  2979 | D:4      | 2979 ||| DROPPING +0 ring mail.
  2980 | D:4      | 2980 ||| UPGRADING to +0 pair of boots.
  2985 | D:4      | 2985 ||| UPGRADING to +3 leather armour.
  2995 | D:4      | 2995 ||| READING scroll labelled VUMIJU UFRO.
  3014 | D:5      | Entered Level 5 of the Dungeon
  3048 | D:5      | Reached skill level 1 in Invocations
  3070 | D:5      | Found a sparkling altar of Nemelex Xobeh.
  3245 | D:5      | Noticed Prince Ribbit
  3246 | D:5      | 3246 ||| INVOKING Heroism.
  3265 | D:5      | Killed Prince Ribbit
  3266 | D:5      | Reached skill level 3 in Invocations
  3266 | D:5      | Reached XP level 8. HP: 48/48 MP: 8/10
  3304 | D:5      | Noticed a +0 hand axe
  3304 | D:5      | Noticed a +0 hand axe
  3310 | D:5      | Found a hide-covered altar of Uskayaw.
  3465 | D:5      | Found a sacrificial altar of Ru.
  3570 | D:5      | Found an ornate altar of the Wu Jian Council.
  3583 | D:5      | 3583 ||| READING 2 scrolls labelled FIDOHA UFAROM.
  3584 | D:5      | 3584 ||| READING 2 scrolls labelled HAMNOCKA AXTY.
  3585 | D:5      | 3585 ||| READING scroll of enchant armour.
  3585 | D:5      | 3585 ||| ENCHANTING +0 pair of boots.
  3586 | D:5      | 3586 ||| DROPPING scroll of vulnerability.
  3664 | D:6      | Reached skill level 5 in Fighting
  3693 | D:6      | 3693 ||| RETREEAATING.
  3697 | D:6      | 3697 ||| FLEEEEING.
  3698 | D:6      | 3698 ||| FLEEEEING.
  3699 | D:6      | 3699 ||| FLEEEEING.
  3700 | D:6      | 3700 ||| FLEEEEING.
  3701 | D:6      | 3701 ||| FLEEEEING.
  3702 | D:6      | 3702 ||| FLEEEEING.
  3703 | D:6      | 3703 ||| FLEEEEING.
  3734 | D:6      | Reached ** piety under Okawaru
  3735 | D:6      | Reached skill level 9 in Ranged Weapons
  3850 | D:6      | Noticed Menkaure
  3856 | D:6      | Killed Menkaure
  3857 | D:6      | Reached skill level 6 in Fighting
  3883 | D:6      | 3883 ||| Stepping ~*~*~tactically~*~*~ (retreating).
  3889 | D:6      | 3889 ||| Stepping ~*~*~tactically~*~*~ (retreating).
  3890 | D:6      | 3890 ||| Stepping ~*~*~tactically~*~*~ (retreating).
  3896 | D:6      | Reached XP level 9. HP: 45/56 MP: 12/12
  3908 | D:6      | 3908 ||| DROPPING ring of magical power.
  3909 | D:6      | 3909 ||| READING 3 scrolls labelled XASTRY LUUTSEL.
  3910 | D:6      | 3910 ||| DROPPING 2 scrolls of amnesia.
  4250 | D:6      | Reached skill level 3 in Dodging
  4320 | D:6      | 4320 ||| DROPPING amulet of magic regeneration.
  4321 | D:6      | 4321 ||| READING scroll of identify.
  4321 | D:6      | 4321 ||| IDENTIFYING murky inky potion
  4322 | D:6      | 4322 ||| DROPPING potion of degeneration.
  4387 | D:7      | Found a broken altar of Ashenzari.
  4477 | D:7      | 4477 ||| SWAPPING to +0 orcbow.
  4489 | D:7      | 4489 ||| FLEEEEING.
  4496 | D:7      | 4496 ||| RETREEAATING.
  4497 | D:7      | 4497 ||| Stepping ~*~*~tactically~*~*~ (retreating).
  4498 | D:7      | 4498 ||| Stepping ~*~*~tactically~*~*~ (retreating).
  4500 | D:7      | 4500 ||| Stepping ~*~*~tactically~*~*~ (retreating).
  4509 | D:7      | Reached *** piety under Okawaru
  4510 | D:7      | Reached skill level 7 in Fighting
  4519 | D:7      | 4519 ||| DROPPING +2 shortbow of draining.
  4581 | D:7      | 4581 ||| READING scroll of enchant armour.
  4581 | D:7      | 4581 ||| ENCHANTING +1 pair of boots.
  4588 | D:7      | 4588 ||| READING scroll of enchant weapon.
  4588 | D:7      | 4588 ||| ENCHANTING +0 orcbow.
  4682 | D:7      | 4682 ||| RETREEAATING.
  5053 | D:7      | Noticed a gargoyle
  5054 | D:7      | 5054 ||| INVOKING Heroism.
  5068 | D:7      | Killed a gargoyle
  5069 | D:7      | Reached skill level 8 in Fighting
  5069 | D:7      | Reached XP level 10. HP: 64/65 MP: 11/13
  5095 | D:7      | 5095 ||| FLEEEEING.
  5106 | D:7      | Reached **** piety under Okawaru
  5140 | D:7      | 5140 ||| FLEEEEING.
  5166 | D:7      | 5166 ||| UPGRADING to +1 cloak.
  5225 | D:8      | 5225 ||| READING 2 scrolls of brand weapon.
  5225 | D:8      | 5225 ||| BRANDING +1 orcbow.
  5226 | D:8      | 5226 ||| READING scroll of brand weapon.
  5226 | D:8      | 5226 ||| BRANDING +1 orcbow of draining.
  5241 | D:8      | Found a glowing silver altar of Zin.
  5325 | D:8      | 5325 ||| READING scroll of enchant weapon.
  5325 | D:8      | 5325 ||| ENCHANTING +1 orcbow of freezing.
  5326 | D:8      | Found Baceyff's Magic Scroll Shoppe.
  5334 | D:8      | 5334 ||| SHOPLISTING 2 scrolls of acquirement (1144 gold,
                  | have 439).
  5334 | D:8      | 5334 ||| BUYING scroll of enchant armour (82 gold).
  5334 | D:8      | Bought a scroll of enchant armour for 82 gold pieces
  5334 | D:8      | 5334 ||| BUYING scroll of enchant weapon (82 gold).
  5334 | D:8      | Bought a scroll of enchant weapon for 82 gold pieces
  5334 | D:8      | 5334 ||| BUYING scroll of identify (22 gold).
  5334 | D:8      | Bought a scroll of identify for 22 gold pieces
  5334 | D:8      | 5334 ||| BUYING scroll of identify (22 gold).
  5334 | D:8      | Bought a scroll of identify for 22 gold pieces
  5334 | D:8      | 5334 ||| BUYING scroll of identify (22 gold).
  5334 | D:8      | Bought a scroll of identify for 22 gold pieces
  5334 | D:8      | 5334 ||| BUYING scroll of identify (22 gold).
  5334 | D:8      | Bought a scroll of identify for 22 gold pieces
  5340 | D:8      | 5340 ||| READING scroll of enchant armour.
  5340 | D:8      | 5340 ||| ENCHANTING +1 cloak.
  5341 | D:8      | 5341 ||| READING scroll of enchant weapon.
  5341 | D:8      | 5341 ||| ENCHANTING +2 orcbow of freezing.
  5665 | D:8      | Found a runed translucent door.
  5665 | D:8      | Noticed a sixfirhy
  5705 | D:8      | Noticed qwqw's ghost (novice DsFi)
  5705 | D:8      | Noticed a nine-headed hydra
  5706 | D:8      | Found a runed translucent gate.
  5706 | D:8      | Found a runed translucent gate.
  5706 | D:8      | Found a runed translucent gate.
  5767 | D:8      | 5767 ||| RETREEAATING.
  5768 | D:8      | 5768 ||| STILL RETREEAATING.
  5769 | D:8      | 5769 ||| STILL RETREEAATING.
  5780 | D:8      | Reached skill level 6 in Invocations
  5977 | D:8      | 5977 ||| UPGRADING to +0 pair of gloves.
  5982 | D:8      | 5982 ||| DRINKING 3 green potions.
  5986 | D:8      | 5986 ||| READING 4 scrolls of identify.
  5986 | D:8      | 5986 ||| IDENTIFYING bubbling silvery potion
  5987 | D:8      | 5987 ||| READING 3 scrolls of identify.
  5987 | D:8      | 5987 ||| IDENTIFYING fizzy dark potion
  5988 | D:8      | 5988 ||| READING 2 scrolls of identify.
  5988 | D:8      | 5988 ||| IDENTIFYING fuming dark potion
  5989 | D:8      | 5989 ||| READING scroll of identify.
  5989 | D:8      | 5989 ||| IDENTIFYING orange potion
  5990 | D:8      | 5990 ||| DROPPING 2 potions of ambrosia.
  5991 | D:8      | 5991 ||| DROPPING potion of invisibility.
  6065 | D:9      | 6065 ||| RETREEAATING.
  6067 | D:9      | 6067 ||| RETREEAATING.
  6071 | D:9      | 6071 ||| Stepping ~*~*~tactically~*~*~ (retreating).
  6072 | D:9      | 6072 ||| Stepping ~*~*~tactically~*~*~ (retreating).
  6073 | D:9      | 6073 ||| Stepping ~*~*~tactically~*~*~ (retreating).
  6074 | D:9      | 6074 ||| Stepping ~*~*~tactically~*~*~ (retreating).
  6077 | D:9      | Reached skill level 3 in Armour
  6080 | D:9      | 6080 ||| Stepping ~*~*~tactically~*~*~ (retreating).
  6085 | D:9      | Reached skill level 12 in Ranged Weapons
  6091 | D:9      | Reached ***** piety under Okawaru
  6283 | D:9      | Noticed a cyclops
  6284 | D:9      | 6284 ||| RETREEAATING.
  6286 | D:9      | 6286 ||| Stepping ~*~*~tactically~*~*~ (retreating).
  6289 | D:9      | 6289 ||| INVOKING Finesse.
  6301 | D:9      | Reached XP level 11. HP: 69/69 MP: 10/16
  6306 | D:9      | Killed a cyclops
  6497 | D:9      | Found a glowing golden altar of the Shining One.
  6547 | D:9      | Received a gift from Okawaru
  6583 | D:9      | Found a burning altar of Makhleb.
  6585 | D:9      | Noticed a green death
  6808 | D:10     | Entered Level 10 of the Dungeon
  6869 | D:10     | 6869 ||| RETREEAATING.
  6870 | D:10     | 6870 ||| STILL RETREEAATING.
  6871 | D:10     | 6871 ||| STILL RETREEAATING.
  6872 | D:10     | 6872 ||| STILL RETREEAATING.
  6874 | D:10     | 6874 ||| RETREEAATING.
  6883 | D:10     | Noticed Erica
  6884 | D:10     | 6884 ||| INVOKING Finesse.
  6898 | D:10     | Reached skill level 9 in Invocations
  6907 | D:10     | Killed Erica
  6983 | D:10     | Found a basalt altar of Yredelemnul.
  7027 | D:10     | Noticed Amaemon
  7028 | D:10     | 7028 ||| RETREEAATING.
  7031 | D:10     | 7031 ||| RETREEAATING.
  7033 | D:10     | 7033 ||| Stepping ~*~*~tactically~*~*~ (retreating).
  7035 | D:10     | 7035 ||| Stepping ~*~*~tactically~*~*~ (retreating).
  7036 | D:10     | 7036 ||| INVOKING Finesse.
  7051 | D:10     | Killed Amaemon
  7165 | D:10     | 7165 ||| RETREEAATING.
  7167 | D:10     | 7167 ||| Stepping ~*~*~tactically~*~*~ (retreating).
  7171 | D:10     | 7171 ||| Stepping ~*~*~tactically~*~*~ (retreating).
  7182 | D:10     | Reached skill level 9 in Fighting
  7237 | D:10     | Noticed a two-headed ogre
  7238 | D:10     | 7238 ||| INVOKING Finesse.
  7244 | D:10     | Killed a two-headed ogre
  7244 | D:10     | Received a gift from Okawaru
  7298 | D:10     | Noticed Harold
  7299 | D:10     | 7299 ||| INVOKING Finesse.
  7311 | D:10     | Killed Harold
  7459 | D:10     | Reached XP level 12. HP: 76/76 MP: 19/19
  7459 | D:10     | Noticed Gastronok
  7460 | D:10     | 7460 ||| Stepping ~*~*~tactically~*~*~ (retreating).
  7461 | D:10     | 7461 ||| Stepping ~*~*~tactically~*~*~ (retreating).
  7462 | D:10     | 7462 ||| Stepping ~*~*~tactically~*~*~ (retreating).
  7463 | D:10     | 7463 ||| Stepping ~*~*~tactically~*~*~ (retreating).
  7464 | D:10     | 7464 ||| Stepping ~*~*~tactically~*~*~ (retreating).
  7465 | D:10     | 7465 ||| Stepping ~*~*~tactically~*~*~ (retreating).
  7466 | D:10     | 7466 ||| Stepping ~*~*~tactically~*~*~ (retreating).
  7467 | D:10     | 7467 ||| INVOKING Finesse.
  7486 | D:10     | Killed Gastronok
  7487 | D:10     | Reached skill level 10 in Fighting
  7529 | D:10     | Found a shimmering blue altar of Sif Muna.
  7530 | D:10     | 7530 ||| UPGRADING to +0 troll leather armour.
  7538 | D:10     | 7538 ||| UPGRADING to +0 robe of fire resistance.
  7543 | D:10     | 7543 ||| UPGRADING to +0 troll leather armour.
  7553 | D:10     | 7553 ||| DROPPING +3 leather armour.
  7554 | D:10     | 7554 ||| UPGRADING to +1 hat.
  8017 | D:11     | 8017 ||| READING scroll of teleportation.
  8142 | D:11     | Noticed a boulder beetle
  8143 | D:11     | 8143 ||| INVOKING Finesse.
  8170 | D:11     | Killed a boulder beetle
  8221 | D:11     | Received a gift from Okawaru
  8232 | D:11     | Noticed a boulder beetle
  8469 | D:11     | Noticed a fire dragon
  8470 | D:11     | Found a transporter.
  8470 | D:11     | Found a transporter.
  8506 | D:11     | Reached skill level 15 in Ranged Weapons
  8552 | D:11     | Identified the +4 ring mail "Vamapno" {rElec Int+3 Slay+3}
  8647 | D:11     | Found a staircase to the Lair.
  8670 | D:11     | Found a staircase to the Orcish Mines.
  8874 | D:11     | Noticed a boulder beetle
  8875 | D:11     | 8875 ||| INVOKING Finesse.
  8898 | D:11     | Killed a boulder beetle
  8928 | D:11     | 8928 ||| PLANNING LAIR
  8928 | D:11     | 8928 ||| DROPPING +0 robe of fire resistance.
  8929 | D:11     | 8929 ||| UPGRADING to +4 ring mail "Vamapno" {rElec Int+3
                  | Slay+3}.
  8939 | D:11     | 8939 ||| DROPPING +0 troll leather armour.
  8997 | Lair:1   | Entered Level 1 of the Lair of Beasts
  9692 | Lair:1   | 9692 ||| READING 4 scrolls of identify.
  9692 | Lair:1   | 9692 ||| IDENTIFYING viscous sapphire potion
  9693 | Lair:1   | 9693 ||| DROPPING potion of attraction.
  9728 | Lair:2   | Noticed a five-headed hydra
  9729 | Lair:2   | 9729 ||| INVOKING Finesse.
  9730 | Lair:2   | 9730 ||| STAIRDANCE
  9762 | Lair:2   | 9762 ||| INVOKING Finesse.
  9771 | Lair:2   | Killed a five-headed hydra
  9774 | Lair:2   | 9774 ||| STAIRDANCE
  9779 | Lair:1   | Reached skill level 6 in Armour
  9811 | Lair:2   | 9811 ||| INVOKING Finesse.
  9812 | Lair:2   | 9812 ||| STAIRDANCE
 10320 | Lair:2   | 10320 ||| RETREEAATING.
 10323 | Lair:2   | 10323 ||| STILL RETREEAATING.
 10326 | Lair:2   | 10326 ||| Stepping ~*~*~tactically~*~*~ (retreating).
 10330 | Lair:2   | 10330 ||| Stepping ~*~*~tactically~*~*~ (retreating).
 10331 | Lair:2   | 10331 ||| Stepping ~*~*~tactically~*~*~ (retreating).
 10332 | Lair:2   | 10332 ||| Stepping ~*~*~tactically~*~*~ (retreating).
 10333 | Lair:2   | 10333 ||| Stepping ~*~*~tactically~*~*~ (retreating).
 10334 | Lair:2   | 10334 ||| Stepping ~*~*~tactically~*~*~ (retreating).
 10335 | Lair:2   | 10335 ||| Stepping ~*~*~tactically~*~*~ (retreating).
 10341 | Lair:2   | Received a gift from Okawaru
 10508 | Lair:2   | Reached XP level 13. HP: 82/82 MP: 20/20
 10523 | Lair:2   | 10523 ||| READING scroll of enchant armour.
 10523 | Lair:2   | 10523 ||| ENCHANTING +0 pair of gloves.
 10716 | Lair:2   | 10716 ||| DROPPING +2 cloak.
 10755 | Lair:3   | 10755 ||| RETREEAATING.
 10758 | Lair:3   | 10758 ||| STILL RETREEAATING.
 10759 | Lair:3   | 10759 ||| STILL RETREEAATING.
 10760 | Lair:3   | 10760 ||| Stepping ~*~*~tactically~*~*~ (retreating).
 10761 | Lair:3   | 10761 ||| Stepping ~*~*~tactically~*~*~ (retreating).
 10762 | Lair:3   | 10762 ||| Stepping ~*~*~tactically~*~*~ (retreating).
 10789 | Lair:3   | 10789 ||| Stepping ~*~*~tactically~*~*~ (retreating).
 10802 | Lair:3   | 10802 ||| Stepping ~*~*~tactically~*~*~ (retreating).
 10803 | Lair:3   | 10803 ||| Stepping ~*~*~tactically~*~*~ (retreating).
 10807 | Lair:3   | 10807 ||| Stepping ~*~*~tactically~*~*~ (retreating).
 11055 | Lair:3   | 11055 ||| READING scroll of enchant weapon.
 11055 | Lair:3   | 11055 ||| ENCHANTING +3 orcbow of freezing.
 11090 | Lair:3   | Reached skill level 11 in Fighting
 11092 | Lair:3   | Found a staircase to the Snake Pit.
 11128 | Lair:3   | Found a staircase to the Shoals.
 11130 | Lair:3   | You fall into a shaft and drop 2 floors!
 11130 | Lair:5   | Entered Level 5 of the Lair of Beasts
 11131 | Lair:5   | 11131 ||| Stepping ~*~*~tactically~*~*~ (retreating).
 11132 | Lair:5   | 11132 ||| INVOKING Finesse.
 11223 | Lair:5   | Found a staircase to the Slime Pits.
 11265 | Lair:5   | 11265 ||| RETREEAATING.
 11301 | Lair:5   | Reached skill level 12 in Fighting
 11311 | Lair:5   | 11311 ||| RETREEAATING.
 11312 | Lair:5   | 11312 ||| STILL RETREEAATING.
 11313 | Lair:5   | 11313 ||| STILL RETREEAATING.
 11314 | Lair:5   | 11314 ||| STILL RETREEAATING.
 11315 | Lair:5   | 11315 ||| STILL RETREEAATING.
 11335 | Lair:5   | 11335 ||| READING 6 scrolls of identify.
 11335 | Lair:5   | 11335 ||| IDENTIFYING bubbling cyan potion
 11345 | Lair:4   | 11345 ||| PLANNING GAUNTLET
 11529 | Lair:4   | Received a gift from Okawaru
 11672 | Lair:4   | Found a gate leading to a gauntlet.
 11673 | Lair:4   | 11673 ||| UPGRADING to scarf of repulsion.
 11683 | Lair:4   | 11683 ||| DROPPING scarf of harm.
 11684 | Lair:4   | 11684 ||| UPGRADING to +0 helmet.
 11694 | Lair:4   | 11694 ||| DROPPING +1 hat.
 11704 | Gauntlet | Entered a Gauntlet
 11704 | Gauntlet | Found a transporter.
 11704 | Gauntlet | Found a transporter.
 11704 | Gauntlet | Found a transporter.
 11708 | Gauntlet | Found a transporter.
 11709 | Gauntlet | Found a transporter.
 11720 | Gauntlet | Found a transporter.
 11722 | Gauntlet | Found a transporter.
 11732 | Gauntlet | Found a transporter.
 11735 | Gauntlet | Noticed a blizzard demon
 11822 | Gauntlet | Found a transporter.
 11822 | Gauntlet | Found the ring of the Hare {EV+10}
 11836 | Gauntlet | Found a transporter.
 11836 | Gauntlet | Found a transporter.
 11846 | Gauntlet | Found a transporter.
 11892 | Gauntlet | 11892 ||| ZAPPING wand of digging (5).
 11905 | Gauntlet | 11905 ||| DRINKING potion of cancellation.
 11960 | Gauntlet | 11960 ||| UPGRADING to ring of the Hare {EV+10}.
 11967 | Gauntlet | 11967 ||| Stepping ~*~*~tactically~*~*~ (retreating).
 11968 | Gauntlet | 11968 ||| Stepping ~*~*~tactically~*~*~ (retreating).
 11969 | Gauntlet | 11969 ||| Stepping ~*~*~tactically~*~*~ (retreating).
 11972 | Gauntlet | 11972 ||| Stepping ~*~*~tactically~*~*~ (retreating).
 11975 | Gauntlet | 11975 ||| Stepping ~*~*~tactically~*~*~ (retreating).
 11990 | Gauntlet | Reached skill level 6 in Dodging
 12022 | Gauntlet | Identified the ring "Keanarcho" {rN+ Will- Str+5 Int+3
                  | Slay+2}
 12032 | Gauntlet | 12032 ||| DROPPING ring "Keanarcho" {rN+ Will- Str+5 Int+3
                  | Slay+2}.
 12033 | Gauntlet | 12033 ||| READING scroll labelled IMACWOPRAVVE.
 12041 | Gauntlet | 12041 ||| INVOKING Finesse.
 12042 | Gauntlet | 12042 ||| RETREEAATING.
 12059 | Gauntlet | Killed a blizzard demon
 12087 | Gauntlet | Identified the +4 giant club of Indomitability {drain,
                  | +Blink rC+ Int+4 Stlth-}
 12093 | Gauntlet | 12093 ||| DROPPING +0 pair of gloves of strength.
 12111 | Gauntlet | Noticed a minotaur
 12112 | Gauntlet | 12112 ||| INVOKING Finesse.
 12129 | Gauntlet | Killed a minotaur
 12164 | Gauntlet | Identified the ring of Maro Ank {Wiz rF- Will+ Int+2}
 12201 | Gauntlet | 12201 ||| UPGRADING to amulet of faith.
 12211 | Gauntlet | 12211 ||| DROPPING ring of Maro Ank {Wiz rF- Will+ Int+2}.
 12212 | Gauntlet | 12212 ||| DROPPING ring of ice.
 12219 | Lair:4   | 12219 ||| PLANNING LAIR
 12561 | Lair:3   | 12561 ||| DROPPING scarf of harm.
 12562 | Lair:3   | 12562 ||| READING scroll labelled HYESIC KO KUBBIN.
 12842 | Lair:4   | Received a gift from Okawaru
 12843 | Lair:4   | Reached skill level 13 in Fighting
 12873 | Lair:4   | 12873 ||| READING scroll of enchant weapon.
 12873 | Lair:4   | 12873 ||| ENCHANTING +4 orcbow of freezing.
 12957 | Lair:5   | 12957 ||| STAIRDANCE
 12986 | Lair:5   | 12986 ||| STAIRDANCE
 12993 | Lair:5   | 12993 ||| STAIRDANCE
 13038 | Lair:5   | 13038 ||| Stepping ~*~*~tactically~*~*~ (retreating).
 13040 | Lair:5   | 13040 ||| Stepping ~*~*~tactically~*~*~ (retreating).
 13050 | Lair:5   | 13050 ||| Stepping ~*~*~tactically~*~*~ (retreating).
 13051 | Lair:5   | 13051 ||| Stepping ~*~*~tactically~*~*~ (retreating).
 13052 | Lair:5   | 13052 ||| Stepping ~*~*~tactically~*~*~ (retreating).
 13053 | Lair:5   | 13053 ||| Stepping ~*~*~tactically~*~*~ (retreating).
 13054 | Lair:5   | 13054 ||| Stepping ~*~*~tactically~*~*~ (retreating).
 13068 | Lair:5   | Gained mutation: Your large and strong wings let you fly.
                  | [Gargoyle growth]
 13068 | Lair:5   | Reached XP level 14. HP: 82/94 MP: 21/21
 13168 | Lair:5   | 13168 ||| RETREEAATING.
 13177 | Lair:5   | 13177 ||| Stepping ~*~*~tactically~*~*~ (retreating).
 13178 | Lair:5   | 13178 ||| Stepping ~*~*~tactically~*~*~ (retreating).
 13181 | Lair:5   | 13181 ||| Stepping ~*~*~tactically~*~*~ (retreating).
 13183 | Lair:5   | 13183 ||| STILL RETREEAATING.
 13186 | Lair:5   | 13186 ||| STILL RETREEAATING.
 13187 | Lair:5   | 13187 ||| STILL RETREEAATING.
 13214 | Lair:5   | Reached skill level 14 in Fighting
 13341 | Lair:5   | Received a gift from Okawaru
 13557 | Lair:5   | 13557 ||| FLEEEEING.
 13558 | Lair:5   | 13558 ||| FLEEEEING.
 13559 | Lair:5   | 13559 ||| FLEEEEING.
 13560 | Lair:5   | 13560 ||| FLEEEEING.
 13561 | Lair:5   | 13561 ||| FLEEEEING.
 13565 | Lair:5   | 13565 ||| FLEEEEING.
 13566 | Lair:5   | 13566 ||| FLEEEEING.
 13567 | Lair:5   | 13567 ||| FLEEEEING.
 13568 | Lair:5   | 13568 ||| FLEEEEING.
 13570 | Lair:5   | 13570 ||| FLEEEEING.
 13571 | Lair:5   | 13571 ||| FLEEEEING.
 13572 | Lair:5   | 13572 ||| STAIRDANCE
 13746 | Lair:5   | Received a gift from Okawaru
 13746 | Lair:5   | Reached ****** piety under Okawaru
 13775 | Lair:5   | 13775 ||| INVOKING Receive Weapon.
 13775 | Lair:5   | 13775 ||| 13775 ||| Offered +12 shortbow of Moderation
                  | {speed, *Slow rElec rF++ rCorr} with value 3010
 13775 | Lair:5   | 13775 ||| 13775 ||| Offered +2 heavy longbow with value
                  | 3260
 13775 | Lair:5   | 13775 ||| 13775 ||| Offered +3 arbalest of freezing with
                  | value 2910.4545454545
 13775 | Lair:5   | 13775 ||| 13775 ||| Offered +6 arbalest "Damnation"
                  | {damnation} with value 3925.4545454545
 13775 | Lair:5   | 13775 ||| ACQUIRING +6 arbalest "Damnation" {damnation}
 13775 | Lair:5   | Acquired the +6 arbalest "Damnation" {damnation}
 13775 | Lair:5   | Received a gift from Okawaru
 13775 | Lair:5   | Found the +6 arbalest "Damnation" {damnation}
 13776 | Lair:5   | 13776 ||| INVOKING Receive Armour.
 13776 | Lair:5   | 13776 ||| 13776 ||| Offered orb of Shadows and Fog {*Rage,
                  | Rampage +Inv Dex+2} with value difference nil
 13776 | Lair:5   | 13776 ||| 13776 ||| Offered +2 crystal plate armour
                  | "Lethroadi" {rN+ rCorr Dex-3} with value difference nil
 13776 | Lair:5   | 13776 ||| 13776 ||| Offered +0 scale mail of Okawaru's
                  | Scorn {Harm rC+} with value difference nil
 13776 | Lair:5   | 13776 ||| 13776 ||| Offered +4 ring mail of Hubris {rPois
                  | Dex+2} with value difference -40
 13776 | Lair:5   | 13776 ||| ACQUIRING +4 ring mail of Hubris {rPois Dex+2}
 13776 | Lair:5   | Acquired the +4 ring mail of Hubris {rPois Dex+2}
 13776 | Lair:5   | Received a gift from Okawaru
 13778 | Lair:5   | 13778 ||| SWAPPING to +6 arbalest "Damnation" {damnation}.
 13779 | Lair:5   | 13779 ||| DROPPING +5 orcbow of freezing.
 13838 | Lair:5   | 13838 ||| RETREEAATING.
 13839 | Lair:5   | 13839 ||| STILL RETREEAATING.
 13840 | Lair:5   | 13840 ||| STILL RETREEAATING.
 13841 | Lair:5   | 13841 ||| STILL RETREEAATING.
 13842 | Lair:5   | 13842 ||| STILL RETREEAATING.
 13843 | Lair:5   | 13843 ||| STILL RETREEAATING.
 13844 | Lair:5   | 13844 ||| STILL RETREEAATING.
 13845 | Lair:5   | 13845 ||| STILL RETREEAATING.
 13846 | Lair:5   | 13846 ||| Stepping ~*~*~tactically~*~*~ (retreating).
 13847 | Lair:5   | 13847 ||| Stepping ~*~*~tactically~*~*~ (retreating).
 13848 | Lair:5   | 13848 ||| STILL RETREEAATING.
 13849 | Lair:5   | 13849 ||| STILL RETREEAATING.
 13909 | Lair:5   | Found the ring of the Tortoise {AC+8}
 13917 | Lair:5   | 13917 ||| RETREEAATING.
 13918 | Lair:5   | 13918 ||| STILL RETREEAATING.
 13919 | Lair:5   | 13919 ||| STILL RETREEAATING.
 13920 | Lair:5   | 13920 ||| STILL RETREEAATING.
 13922 | Lair:5   | 13922 ||| Stepping ~*~*~tactically~*~*~ (retreating).
 13923 | Lair:5   | 13923 ||| Stepping ~*~*~tactically~*~*~ (retreating).
 13924 | Lair:5   | 13924 ||| Stepping ~*~*~tactically~*~*~ (retreating).
 13925 | Lair:5   | 13925 ||| Stepping ~*~*~tactically~*~*~ (retreating).
 13926 | Lair:5   | 13926 ||| Stepping ~*~*~tactically~*~*~ (retreating).
 13927 | Lair:5   | 13927 ||| Stepping ~*~*~tactically~*~*~ (retreating).
 13929 | Lair:5   | 13929 ||| Stepping ~*~*~tactically~*~*~ (retreating).
 13930 | Lair:5   | 13930 ||| Stepping ~*~*~tactically~*~*~ (retreating).
 13931 | Lair:5   | 13931 ||| Stepping ~*~*~tactically~*~*~ (retreating).
 13932 | Lair:5   | 13932 ||| Stepping ~*~*~tactically~*~*~ (retreating).
 13933 | Lair:5   | 13933 ||| Stepping ~*~*~tactically~*~*~ (retreating).
 13934 | Lair:5   | 13934 ||| Stepping ~*~*~tactically~*~*~ (retreating).
 13936 | Lair:5   | 13936 ||| STILL RETREEAATING.
 13937 | Lair:5   | 13937 ||| STILL RETREEAATING.
 13938 | Lair:5   | 13938 ||| Stepping ~*~*~tactically~*~*~ (retreating).
 13939 | Lair:5   | 13939 ||| Stepping ~*~*~tactically~*~*~ (retreating).
 13940 | Lair:5   | 13940 ||| Stepping ~*~*~tactically~*~*~ (retreating).
 13941 | Lair:5   | 13941 ||| Stepping ~*~*~tactically~*~*~ (retreating).
 13942 | Lair:5   | 13942 ||| Stepping ~*~*~tactically~*~*~ (retreating).
 13943 | Lair:5   | 13943 ||| Stepping ~*~*~tactically~*~*~ (retreating).
 13944 | Lair:5   | 13944 ||| Stepping ~*~*~tactically~*~*~ (retreating).
 13945 | Lair:5   | 13945 ||| Stepping ~*~*~tactically~*~*~ (retreating).
 13946 | Lair:5   | 13946 ||| INVOKING Finesse.
 13949 | Lair:5   | Received a gift from Okawaru
 14052 | Lair:5   | 14052 ||| RETREEAATING.
 14053 | Lair:5   | 14053 ||| STILL RETREEAATING.
 14054 | Lair:5   | 14054 ||| STILL RETREEAATING.
 14055 | Lair:5   | 14055 ||| INVOKING Finesse.
 14059 | Lair:5   | 14059 ||| Stepping ~*~*~tactically~*~*~ (retreating).
 14254 | Lair:5   | 14254 ||| PLANNING D
 14254 | Lair:5   | 14254 ||| UPGRADING to ring of the Tortoise {AC+8}.
 14256 | Lair:5   | 14256 ||| DROPPING +5 ring of evasion.
 14478 | D:12     | Found a transporter.
 14486 | D:12     | Found a transporter.
 14488 | D:12     | Noticed MackTheFife's ghost (journeyman OgFi)
 14852 | D:12     | Received a gift from Okawaru
 15121 | D:13     | 15121 ||| RETREEAATING.
 15123 | D:13     | 15123 ||| RETREEAATING.
 15128 | D:13     | 15128 ||| Stepping ~*~*~tactically~*~*~ (retreating).
 15213 | D:13     | Reached skill level 18 in Ranged Weapons
 15213 | D:13     | Reached XP level 15. HP: 87/100 MP: 22/22
 15265 | D:13     | 15265 ||| INVOKING Finesse.
 15267 | D:13     | Reached skill level 9 in Armour
 15351 | D:13     | 15351 ||| Stepping randomly (disturbance).
 15632 | D:13     | 15632 ||| DROPPING +2 pair of boots.
 15633 | D:13     | 15633 ||| DROPPING +1 pair of boots.
 15634 | D:13     | 15634 ||| DROPPING amulet of the acrobat.
 15717 | D:14     | Received a gift from Okawaru
 15721 | D:14     | 15721 ||| Stepping ~*~*~tactically~*~*~ (retreating).
 15722 | D:14     | 15722 ||| Stepping ~*~*~tactically~*~*~ (retreating).
 15837 | D:14     | Noticed Agnes
 15838 | D:14     | 15838 ||| RETREEAATING.
 15841 | D:14     | 15841 ||| INVOKING Finesse.
 15844 | D:14     | Killed Agnes
 15848 | D:14     | Reached skill level 15 in Fighting
 15927 | D:14     | Received a gift from Okawaru
 16042 | D:14     | 16042 ||| Stepping ~*~*~tactically~*~*~ (retreating).
 16174 | D:14     | 16174 ||| RETREEAATING.
 16175 | D:14     | 16175 ||| STILL RETREEAATING.
 16179 | D:14     | 16179 ||| STILL RETREEAATING.
 16180 | D:14     | 16180 ||| STILL RETREEAATING.
 16181 | D:14     | 16181 ||| STILL RETREEAATING.
 16187 | D:14     | 16187 ||| INVOKING Finesse.
 16230 | D:14     | Identified the +2 war axe "Beastbane" {freeze, Dex+6}
 16263 | D:14     | 16263 ||| Stepping randomly (disturbance).
 16392 | D:14     | Found a gate to the Vaults.
 16570 | D:14     | 16570 ||| DROPPING +1 ring mail of cold resistance.
 16571 | D:14     | 16571 ||| READING 8 scrolls of identify.
 16571 | D:14     | 16571 ||| IDENTIFYING bubbling inky potion
 16572 | D:14     | 16572 ||| DROPPING potion of brilliance.
 16605 | D:15     | Entered Level 15 of the Dungeon
 16609 | D:15     | Reached skill level 16 in Fighting
 16610 | D:15     | 16610 ||| STAIRDANCE
 16615 | D:15     | 16615 ||| STAIRDANCE
 16624 | D:15     | 16624 ||| STAIRDANCE
 16646 | D:15     | Received a gift from Okawaru
 16709 | D:15     | 16709 ||| Stepping ~*~*~tactically~*~*~ (retreating).
 16922 | D:15     | 16922 ||| RETREEAATING.
 16928 | D:15     | Reached skill level 9 in Dodging
 16970 | D:15     | Found a staircase to the Depths.
 17061 | D:15     | Found Waletuog's Magic Scroll Emporium.
 17067 | D:15     | 17067 ||| BUYING scroll of teleportation (42 gold).
 17067 | D:15     | Bought a scroll of teleportation for 42 gold pieces
 17067 | D:15     | 17067 ||| BUYING scroll of teleportation (42 gold).
 17067 | D:15     | Bought a scroll of teleportation for 42 gold pieces
 17320 | D:15     | 17320 ||| PLANNING ORC
 17446 | Orc:1    | Entered Level 1 of the Orcish Mines
 17451 | Orc:1    | 17451 ||| STAIRDANCE
 17493 | Orc:1    | 17493 ||| STAIRDANCE
 17521 | Orc:1    | 17521 ||| STAIRDANCE
 17531 | Orc:1    | 17531 ||| STAIRDANCE
 17687 | Orc:1    | 17687 ||| STAIRDANCE
 17690 | D:11     | 17690 ||| Stepping ~*~*~tactically~*~*~ (retreating).
 17691 | D:11     | 17691 ||| Stepping ~*~*~tactically~*~*~ (retreating).
 17704 | Orc:1    | 17704 ||| STAIRDANCE
 17711 | Orc:1    | 17711 ||| STAIRDANCE
 17716 | Orc:1    | 17716 ||| STAIRDANCE
 17727 | Orc:1    | 17727 ||| STAIRDANCE
 17910 | Orc:1    | Noticed Jorgrun
 17910 | Orc:1    | Noticed Sonja
 17911 | Orc:1    | 17911 ||| RETREEAATING.
 17913 | Orc:1    | 17913 ||| INVOKING Finesse.
 17916 | Orc:1    | 17916 ||| RETREEAATING.
 17917 | Orc:1    | 17917 ||| Stepping ~*~*~tactically~*~*~ (retreating).
 17918 | Orc:1    | 17918 ||| Stepping ~*~*~tactically~*~*~ (retreating).
 17919 | Orc:1    | 17919 ||| DRINKING 5 potions of curing.
 17919 | Orc:1    | 17919 ||| (to cure confusion)
 17920 | Orc:1    | 17920 ||| STILL RETREEAATING.
 17921 | Orc:1    | 17921 ||| STILL RETREEAATING.
 17923 | Orc:1    | 17923 ||| DRINKING 4 potions of curing.
 17923 | Orc:1    | 17923 ||| (to cure confusion)
 17925 | Orc:1    | 17925 ||| RETREEAATING.
 17927 | Orc:1    | 17927 ||| STILL RETREEAATING.
 17928 | Orc:1    | 17928 ||| STILL RETREEAATING.
 17929 | Orc:1    | 17929 ||| STILL RETREEAATING.
 17930 | Orc:1    | 17930 ||| STILL RETREEAATING.
 17931 | Orc:1    | 17931 ||| STILL RETREEAATING.
 17933 | Orc:1    | 17933 ||| STILL RETREEAATING.
 17934 | Orc:1    | 17934 ||| STILL RETREEAATING.
 17935 | Orc:1    | 17935 ||| STILL RETREEAATING.
 17936 | Orc:1    | 17936 ||| STILL RETREEAATING.
 17937 | Orc:1    | Received a gift from Okawaru
 17939 | Orc:1    | 17939 ||| RETREEAATING.
 17940 | Orc:1    | 17940 ||| Stepping ~*~*~tactically~*~*~ (retreating).
 17942 | Orc:1    | Killed Sonja
 17946 | Orc:1    | Killed Jorgrun
 17947 | Orc:1    | Reached XP level 16. HP: 46/110 MP: 23/23
 17948 | Orc:1    | 17948 ||| FLEEEEING.
 17949 | Orc:1    | 17949 ||| FLEEEEING.
 17950 | Orc:1    | 17950 ||| FLEEEEING.
 17951 | Orc:1    | 17951 ||| FLEEEEING.
 17952 | Orc:1    | 17952 ||| FLEEEEING.
 17953 | Orc:1    | 17953 ||| FLEEEEING.
 17954 | Orc:1    | 17954 ||| FLEEEEING.
 17955 | Orc:1    | 17955 ||| FLEEEEING.
 17956 | Orc:1    | 17956 ||| STAIRDANCE
 18123 | Orc:1    | Noticed Nergalle
 18126 | Orc:1    | Killed Nergalle
 18306 | Orc:2    | Entered Level 2 of the Orcish Mines
 18331 | Orc:2    | 18331 ||| INVOKING Finesse.
 18618 | Orc:2    | 18618 ||| RETREEAATING.
 18651 | Orc:2    | Noticed Blork the orc
 18653 | Orc:2    | Noticed Nessos
 18653 | Orc:2    | 18653 ||| RETREEAATING.
 18656 | Orc:2    | 18656 ||| Stepping ~*~*~tactically~*~*~ (retreating).
 18658 | Orc:2    | Received a gift from Okawaru
 18659 | Orc:2    | Reached skill level 17 in Fighting
 18661 | Orc:2    | Killed Blork the orc
 18663 | Orc:2    | Killed Nessos
 18695 | Orc:2    | Found a staircase to the Elven Halls.
 18727 | Orc:2    | Found Kirphaell's Antique Weapon Emporium.
 18735 | Orc:2    | 18735 ||| SHOPLISTING +27 heavy crossbow "Sniper" {heavy,
                  | Acc+∞ SInv} (1760 gold, have 1758).
 18841 | Orc:2    | Found Xemabb's General Store.
 18848 | Orc:2    | 18848 ||| BUYING scroll of teleportation (33 gold).
 18848 | Orc:2    | Bought a scroll of teleportation for 33 gold pieces
 18860 | Orc:2    | Found Liklaome's Jewellery Emporium.
 18867 | Orc:2    | 18867 ||| BUYING brooch of Shielding {Spirit SH+8} (975
                  | gold).
 18867 | Orc:2    | Bought the brooch of Shielding {Spirit SH+8} for 975 gold
                  | pieces
 18867 | Orc:2    | Found the brooch of Shielding {Spirit SH+8}
 18867 | Orc:2    | 18867 ||| SHOPLISTING ring of Gozag's Scorn {rF+ Will+
                  | Str+3 Slay+3 Stlth+} (910 gold, have 813).
 18891 | Orc:2    | Found Gexubok's Mayhem Merchandise.
 18957 | Orc:2    | Found Caxakad's Antique Armour Emporium.
 19177 | Orc:2    | 19177 ||| PLANNING SHOALS:1-3
 19177 | Orc:2    | 19177 ||| DROPPING amulet of regeneration.
 19308 | Shoals:1 | Entered Level 1 of the Shoals
 19316 | Shoals:1 | Noticed Kirke
 19317 | Shoals:1 | 19317 ||| INVOKING Finesse.
 19318 | Shoals:1 | 19318 ||| STAIRDANCE
 19346 | Shoals:1 | 19346 ||| STAIRDANCE
 19351 | Shoals:1 | 19351 ||| STAIRDANCE
 19359 | Lair:3   | 19359 ||| INVOKING Finesse.
 19361 | Lair:3   | Killed Kirke
 19401 | Shoals:1 | 19401 ||| STAIRDANCE
 19431 | Shoals:1 | 19431 ||| STAIRDANCE
 19446 | Shoals:1 | 19446 ||| STAIRDANCE
 19453 | Shoals:1 | Received a gift from Okawaru
 19510 | Shoals:1 | Reached skill level 18 in Fighting
 19543 | Shoals:1 | 19543 ||| RETREEAATING.
 19544 | Shoals:1 | 19544 ||| STILL RETREEAATING.
 19545 | Shoals:1 | 19545 ||| STILL RETREEAATING.
 19546 | Shoals:1 | 19546 ||| STILL RETREEAATING.
 19548 | Shoals:1 | 19548 ||| Stepping ~*~*~tactically~*~*~ (retreating).
 19549 | Shoals:1 | 19549 ||| Stepping ~*~*~tactically~*~*~ (retreating).
 19551 | Shoals:1 | 19551 ||| Stepping ~*~*~tactically~*~*~ (retreating).
 19552 | Shoals:1 | 19552 ||| INVOKING Finesse.
 19554 | Shoals:1 | 19554 ||| STILL RETREEAATING.
 19555 | Shoals:1 | 19555 ||| STILL RETREEAATING.
 19754 | Shoals:1 | 19754 ||| RETREEAATING.
 19797 | Shoals:1 | Noticed a kraken
 19798 | Shoals:1 | 19798 ||| INVOKING Finesse.
 19805 | Shoals:1 | Killed a kraken
 20228 | Shoals:2 | 20228 ||| INVOKING Finesse.
 20229 | Shoals:2 | 20229 ||| STAIRDANCE
 20262 | Shoals:2 | Received a gift from Okawaru
 20268 | Shoals:2 | 20268 ||| STAIRDANCE
 20306 | Shoals:2 | 20306 ||| STAIRDANCE
 20452 | Shoals:2 | Reached XP level 17. HP: 120/120 MP: 24/24
 20452 | Shoals:2 | Found Mulyrej's Distillery.
 20463 | Shoals:2 | 20463 ||| BUYING potion of curing (51 gold).
 20463 | Shoals:2 | Bought a potion of curing for 51 gold pieces
 20463 | Shoals:2 | 20463 ||| BUYING potion of curing (51 gold).
 20463 | Shoals:2 | Bought a potion of curing for 51 gold pieces
 20463 | Shoals:2 | 20463 ||| BUYING potion of enlightenment (85 gold).
 20463 | Shoals:2 | Bought a potion of enlightenment for 85 gold pieces
 20463 | Shoals:2 | 20463 ||| BUYING potion of mutation (136 gold).
 20463 | Shoals:2 | Bought a potion of mutation for 136 gold pieces
 20463 | Shoals:2 | 20463 ||| BUYING potion of mutation (136 gold).
 20463 | Shoals:2 | Bought a potion of mutation for 136 gold pieces
 20512 | Shoals:2 | 20512 ||| RETREEAATING.
 20513 | Shoals:2 | 20513 ||| STILL RETREEAATING.
 20514 | Shoals:2 | Received a gift from Okawaru
 20532 | Shoals:2 | Reached skill level 19 in Fighting
 20536 | Shoals:2 | 20536 ||| RETREEAATING.
 20716 | Shoals:2 | Found Caunaq's Firing Range.
 20851 | Shoals:2 | Identified the +0 hat of Okawaru's Castigation {rC++ Dex-5}
 21001 | Shoals:2 | 21001 ||| DROPPING +0 hat of Okawaru's Castigation {rC++
                  | Dex-5}.
 21002 | Shoals:2 | 21002 ||| DROPPING +6 ring of strength.
 21032 | Shoals:3 | 21032 ||| STAIRDANCE
 21067 | Shoals:3 | 21067 ||| STAIRDANCE
 21091 | Shoals:3 | 21091 ||| STAIRDANCE
 21114 | Shoals:3 | Received a gift from Okawaru
 21154 | Shoals:3 | Reached skill level 12 in Armour
 21156 | Shoals:3 | Found Guukaot's Weapon Shop.
 21315 | Shoals:3 | 21315 ||| FLEEEEING.
 21321 | Shoals:3 | Noticed Ilsuiw
 21331 | Shoals:3 | Killed Ilsuiw
 21508 | Shoals:3 | Quit the game

Levels and vault maps discovered:
D:1:      moated_graveyard_arrival, layout_basic, st_stairs_12, minmay_3d_cube
D:2:      layout_loops_cross, serial_shops, nicolae_lakefront_shop, basic_altar,
          ebering_dispersal_statue_hall
D:3:      layout_basic, lemuel_coloured_pillars_altar, gup_sewer_entry_bowl
D:4:      layout_basic, minmay_temple_entry_statues_fountains,
          corexii_item_surrounded_by_moat
D:5:      layout_cave_pools, nicolae_overflow_hidden_temple,
          nicolae_ru_the_path_less_chosen, nemelex_spade_bored_becter,
          dancing_weapons_uskayaw, uniq_prince_ribbit1
D:6:      layout_basic, uniq_menkaure
D:7:      cheibrodos_two_vegetables, layout_basic,
          mainiacjoe_overflow_small_starburst, kennysheep_generic_room_6
D:8:      cheibrodos_shockbox, layout_loops_ring, kennysheep_little_box,
          gammafunk_ghost_hydra_chop, serial_shops, shop
D:9:      layout_roguey, tso_altar, makhleb_altar_promises_db, serial_bayou,
          serial_bayou_pond_b, serial_bayou_shore_a, serial_bayou_ford_a,
          serial_bayou_pond_b
D:10:     layout_roguey, kennysheep_orc_sif_temple, yredelemnul_altar_generic,
          uniq_gastronok, uniq_amaemon, uniq_erica, uniq_harold
D:11:     gammafunk_the_bubble [the_bubble_gammafunk_split],
          layout_loops_corners, lair_entry_dummy, orc_0_dummy
D:12:     layout_roguey, gammafunk_ghost_stat_death, kb_lookout_dungeons_type
D:13:     layout_roguey
D:14:     layout_basic, david_vaults_4, hangedman_decor_opposing,
          minmay_joined_circles, uniq_agnes
D:15:     grunt_enter_depths_magical_seal, layout_loops_ring, serial_shops,
          shop_scrolls, minmay_misc_feat_rows, minmay_crystal_room
Temple:   jpeg_temple_clearing
Lair:1:   layout_regular_city
Lair:2:   layout_cave_pods, evilmike_ambush [evilmike_ambush_outer_basic,
          evilmike_ambush_inner_basic]
Lair:3:   layout_long_grid, shoals_dummy_entry, nicolae_snake_entry_squirm,
          nicolae_volcano_entry_s_turn
Lair:4:   layout_small_grid, gauntlet_entry_generic, lemuel_fruit_fields
Lair:5:   hangedman_lair_tendril_chambers, layout_gridlike,
          guppyfry_lair_end_dragon, minmay_slime_entry_jelly_boxes,
          chequers_serial_rivers_marsh
Shoals:1: layout_shoals, uniq_kirke
Shoals:2: layout_shoals, serial_shops, shop, nicolae_shop_firing_range
Shoals:3: layout_shoals, serial_shops, shop, uniq_bai_suzhen, uniq_ilsuiw
Orc:1:    layout_caves, uniq_nergalle, uniq_jorgrun, uniq_sonja
Orc:2:    grunt_orc_cross, layout_caves, minmay_shop_mayhem, uniq_nessos

Skill      XL: |  1  2  3  4  5  6  7  8  9 10 11 12 13 14 15 16 17 |
---------------+----------------------------------------------------+-----
Ranged Weapons | 5 6 7 8 9 11 12 13 15 16 18 | 18.0
Fighting       | 3 4 6 8 9 10 13 14 16 18 19 | 19.8
Armour         | 1 3 6 8 10 11 12 | 12.0
Dodging        | 2 3 4 6 7 9 10 | 10.0
Invocations    | 3 4 7 10 | 10.0
Stealth        | |  1.1

Action                     |  1- 3 |  4- 6 |  7- 9 | 10-12 | 13-15 | 16-18 || total
---------------------------+-------+-------+-------+-------+-------+-------++-------
   Fire: Shortbow          |   112 |   114 |   219 |       |       |       ||   445
         Orcbow            |       |       |   133 |   746 |   599 |       ||  1478
         Arbalest          |       |       |       |       |   322 |   426 ||   748
 Invoke: Heroism           |       |       |     2 |       |       |       ||     2
         Finesse           |       |       |       |    11 |     9 |     6 ||    26
         Receive Weapon    |       |       |       |       |     1 |       ||     1
         Receive Armour    |       |       |       |       |     1 |       ||     1
  Evoke: Wand              |       |       |       |       |     1 |       ||     1
    Use: Scroll            |     7 |     6 |     8 |    11 |     7 |       ||    39
         Potion            |     1 |     2 |       |     1 |     3 |       ||     7
 Armour: Leather armour    |    20 |       |    55 |   140 |       |       ||   215
         Ring mail         |     3 |     2 |       |    30 |   244 |    93 ||   372
         Robe              |       |     8 |     4 |       |       |       ||    12
         Troll leather arm |       |       |       |    34 |       |       ||    34
  Dodge: Dodged            |    29 |    29 |   115 |   238 |   532 |   258 ||  1201
         Repelled          |       |       |       |       |     7 |     4 ||    11

Table legend:
 A = Non-vault XP
 B = Vault XP
 C = Vault XP percentage of total XP
 D = Non-vault monster count
 E = Vault monster count
 F = Vault count percentage of total count
                 A         B        C        D         E       F
            +---------+---------+-------+---------+---------+-------
      Total |  148332 |   58916 |  28.4 |     592 |     192 |  24.5
            +---------+---------+-------+---------+---------+-------
        D:1 |      36 |      14 |  28.0 |      22 |       7 |  24.1
        D:2 |      28 |       0 |   0.0 |       8 |       0 |   0.0
        D:3 |      71 |      23 |  24.5 |      13 |       4 |  23.5
        D:4 |     599 |       0 |   0.0 |      28 |       0 |   0.0
        D:5 |     356 |     255 |  41.7 |      13 |       1 |   7.1
        D:6 |    1390 |     172 |  11.0 |      28 |       1 |   3.4
        D:7 |     985 |    1123 |  53.3 |      25 |      10 |  28.6
        D:8 |    2167 |       0 |   0.0 |      32 |       0 |   0.0
        D:9 |    2603 |     911 |  25.9 |      30 |       4 |  11.8
       D:10 |    5123 |    4606 |  47.3 |      23 |      10 |  30.3
       D:11 |    6603 |       0 |   0.0 |      25 |       0 |   0.0
       D:12 |    1341 |     106 |   7.3 |      10 |       1 |   9.1
       D:13 |   11052 |       0 |   0.0 |      25 |       0 |   0.0
       D:14 |   15385 |    8364 |  35.2 |      34 |      13 |  27.7
       D:15 |    5751 |    4417 |  43.4 |      14 |       9 |  39.1
     Lair:1 |    1177 |     147 |  11.1 |       5 |       1 |  16.7
     Lair:2 |    3616 |    1656 |  31.4 |      14 |       4 |  22.2
     Lair:3 |    5352 |    2026 |  27.5 |      14 |       5 |  26.3
     Lair:4 |    4288 |     276 |   6.0 |      16 |       1 |   5.9
     Lair:5 |   19093 |   14125 |  42.5 |      48 |      61 |  56.0
   Shoals:1 |   21581 |     200 |   0.9 |      43 |       1 |   2.3
   Shoals:2 |   20337 |       0 |   0.0 |      39 |       0 |   0.0
   Shoals:3 |   13751 |    3677 |  21.1 |      29 |       4 |  12.1
      Orc:1 |     937 |    3421 |  78.5 |      20 |       3 |  13.0
      Orc:2 |    4710 |    8615 |  64.7 |      34 |      39 |  53.4
   Gauntlet |       0 |    4782 | 100.0 |       0 |      13 | 100.0
            +---------+---------+-------+---------+---------+-------
